Map: King Sejong Station LE

Players

Fropez

  • Race: Protoss Protoss
  • League: Gold
  • Spawn Location: 5:00

Zeiis - Winner!

  • Race: Zerg Zerg
  • League: Gold
  • Spawn Location: 11:00

VOD

Have the link to the VOD?

Description

Time

  • Played on: Sept. 26, 2016, 11:36 a.m.
  • Length: 10:00
Show
View Real Time Build Order
Export as new Build Order

Fropez Protoss 

Build Orders:  

Get SALT Encoding   

  12  0:01  Probe (Chrono Boost)  
  13  0:16  Pylon  
  14  0:28  Probe (Chrono Boost)  
  14  0:36  Gateway  
  14  0:39  Probe (Chrono Boost)  
  15  0:53  Probe (Chrono Boost)  
  16  0:57  Assimilator  
  17  1:04  Probe (Chrono Boost)  
  17  1:18  Pylon x2  
  17  1:19  Probe (Chrono Boost)  
  17  1:25  Pylon  
  18  1:28  Cybernetics Core  
  18  1:33  Probe (Chrono Boost)  
  19  1:43  Probe (Chrono Boost)  
  20  1:47  Gateway  
  20  1:51  Gateway  
  21  1:54  Probe (Chrono Boost)  
  21  2:01  Assimilator  
  21  2:06  Adept (Chrono Boost)  
  23  2:09  Warp Gate  
  24  2:26  Mothership Core  
  27  2:32  Adept (Chrono Boost)  
  27  2:39  Adept (Chrono Boost)  
  29  2:47  Probe  
  30  2:55  Pylon  
  30  2:59  Probe  
  30  3:03  Twilight Council  
  31  3:08  Adept (Chrono Boost)  
  31  3:43  Resonating Glaives (Chrono Boost)  
  31  3:52  Robotics Facility  
  31  3:55  Probe  
  32  3:57  Pylon  
  32  3:59  Gateway  
  28  4:17  Nexus  
  28  4:21  Adept  
  28  4:34  Gateway  
  25  4:54  Adept x2  
  29  5:06  Adept  
  29  5:24  Probe  
  30  5:35  Probe  
  30  5:36  Probe  
  32  5:45  Adept x2, Probe  
  32  5:46  Adept  
  39  5:53  Probe  
  40  5:57  Probe  
  41  6:09  Pylon  
  41  6:12  Probe  
  41  6:14  Pylon  
  41  6:15  Adept  
  41  6:16  Adept  
  41  6:17  Probe  
  47  6:30  Warp Prism (Chrono Boost)  
  49  6:34  Probe  
  49  6:35  Probe  
  51  6:48  Probe x2  
  49  6:58  Adept x3  
  53  7:10  Gateway  
  53  7:11  Gateway  
  53  7:14  Gateway  
  53  7:16  Probe  
  53  7:17  Probe  
  55  7:30  Adept x2  
  55  7:31  Adept  
  60  7:56  Adept x3  
  54  8:18  Adept x5  
  44  8:39  Forge  
  44  8:41  Pylon  
  38  8:42  Probe  
  38  8:46  Probe  
  40  8:50  Assimilator  
  40  8:58  Gateway  
  40  9:12  Probe x2  
  42  9:23  Probe  
  42  9:25  Probe  
  30  9:49  Adept x4  
  30  9:50  Adept  
Show
View Real Time Build Order
Export as new Build Order

Zeiis Zerg - Winner!

Build Orders: Hatch First 

Get SALT Encoding   

  12  0:01  Drone  
  13  0:12  Overlord  
  13  0:17  Drone  
  14  0:31  Drone x2  
  14  0:35  Drone  
  17  0:53  Hatchery  
  17  0:55  Drone  
  17  0:57  Extractor  
  17  1:02  Drone  
  17  1:15  Spawning Pool  
  16  1:18  Drone  
  16  1:23  Drone  
  18  1:30  Drone  
  19  1:39  Drone  
  20  1:52  Drone  
  21  2:00  Drone  
  22  2:05  Metabolic Boost, Queen x2  
  26  2:11  Overlord  
  26  2:17  Zergling x4  
  28  2:30  Drone x2  
  28  2:33  Overlord  
  30  2:40  Drone  
  31  2:47  Zergling x2  
  31  2:49  Zergling x2  
  33  2:52  Pneumatized Carapace, Queen  
  33  2:56  Overlord  
  35  2:59  Drone  
  36  3:05  Drone  
  36  3:12  Drone  
  38  3:33  Drone x2  
  38  3:34  Drone x2  
  40  3:35  Overlord x2  
  41  3:47  Zergling x8  
  41  3:48  Zergling x2  
  46  3:50  Hatchery  
  46  3:54  Overlord  
  44  4:04  Zergling x8  
  44  4:06  Lair  
  48  4:12  Drone  
  49  4:26  Drone  
  49  4:27  Drone x2  
  49  4:29  Overlord  
  52  4:32  Evolution Chamber, Overlord, Extractor  
  52  4:33  Extractor, Evolution Chamber  
  52  4:34  Extractor  
  46  4:41  Overlord  
  46  4:42  Drone x2  
  43  4:55  Overlord x3  
  43  4:56  Drone x2  
  45  5:04  Queen  
  45  5:05  Overlord  
  47  5:10  Drone x3  
  49  5:21  Zerg Melee Weapons Level 1, Zerg Ground Armor Level 1  
  45  5:24  Drone  
  46  5:34  Drone x3  
  46  5:35  Overlord  
  49  5:46  Zergling x2  
  49  5:47  Zergling x14  
  57  5:53  Overlord  
  57  5:57  Drone x3  
  57  6:03  Drone x3  
  57  6:04  Drone  
  64  6:10  Drone x3  
  67  6:14  Zergling x4  
  69  6:23  Zergling x2  
  69  6:24  Zergling x10  
  75  6:29  Baneling Nest  
  75  6:30  Zergling x2  
  75  6:31  Zergling x4  
  77  6:39  Zergling x2  
  79  6:40  Zergling x8  
  79  6:43  Extractor  
  79  6:44  Drone x2  
  79  6:45  Extractor  
  78  7:06  Spire  
  78  7:08  Infestation Pit  
  76  7:11  Drone x6  
  76  7:13  Overlord  
  76  7:14  Drone x8  
  90  7:18  Overlord  
  90  7:22  Baneling x4  
  90  7:28  Spore Crawler x2  
  90  7:29  Drone  
  89  7:31  Spore Crawler  
  88  7:45  Hive  
  88  7:48  Centrifical Hooks  
  88  7:52  Drone  
  88  7:53  Drone x3  
  90  8:08  Zergling x14  
  91  8:18  Hatchery  
  88  8:20  Zergling x2  
  88  8:21  Zergling x16  
  88  8:36  Drone x4  
  88  8:37  Drone x2  
  91  8:49  Drone x4  
  91  8:50  Spore Crawler  
  94  9:09  Baneling  
  94  9:11  Queen  
  94  9:12  Drone x5  
  94  9:13  Drone  
  102  9:20  Baneling x2  
  102  9:21  Baneling x2  
  102  9:29  Baneling x4  
  98  9:37  Zergling x16  
  102  9:52  Hatchery  
Tags
 
League
GoldGold
Matchup
PvZ
Replay Pack
All Mines
Spawn Locations
Cross Positions
Add a new tag
Caveats
  • Supply blocks, unpowered buildings, or Contaminate may cause inaccurate times.
  • Supply counts are checked every 10 seconds.